 Dungeon Crawl Stone Soup version 0.30-a0-149-g7f746667c4 (webtiles) character file.

Game seed: 14842295310478531864

34965 qw the Cleaver (level 13, -2/84 HPs)
             Began as a Gargoyle Fighter on Sept 26, 2022.
             Was a High Priest of Okawaru.
             Killed from afar by an oklob plant (12 damage)
             ... with a splash of acid
             ... on level 5 of the Lair of Beasts.
             The game lasted 00:05:50 (12972 turns).

qw the Cleaver (Gargoyle Fighter)                  Turns: 12972, Time: 00:05:51

Health: -2/84      AC: 24    Str: 30    XL:     13   Next: 80%
Magic:  14/20      EV:  9    Int:  7    God:    Okawaru [*****.]
Gold:   1127       SH:  6    Dex:  6    Spells: 12/12 levels left

rFire   . . .      SeeInvis .    Y - +3 broad axe (protect)
rCold   + . .      Faith    .    c - +0 buckler
rNeg    + . .      Spirit   .    j - +0 plate armour
rPois   inf        Reflect  .    r - +1 helmet
rElec   +          Harm     .    l - +2 cloak
rCorr   .          Rampage  .    (no gloves)
Will    +....                    (no boots)
Stlth   ..........               o - amulet of regeneration
HPRegen 1.04/turn                p - ring of willpower
MPRegen 0.17/turn                (no ring)

@: about to teleport, heroic, finesse-ful, corroded
A: sickness immunity, AC +9, negative energy resistance 1, electricity
resistance, torment resistance 1, petrification resistance, clumsy 1, cold
resistance 1, strong 1
a: Renounce Religion, Heroism, Finesse, Duel


You were on level 5 of the Lair of Beasts.
You worshipped Okawaru.
Okawaru was extremely pleased with you.
You visited 2 branches of the dungeon, and saw 14 of its levels.

You collected 1127 gold pieces.


Innate Abilities, Weirdness & Mutations

You are immune to sickness and miasma.
Your stone body is resilient. (AC +9)
You are immune to poison.
You resist negative energy. (rN+)
You are resistant to electric shocks. (rElec)
You are resistant to unholy torment.
You are immune to petrification.
You are clumsy. (Dex -2)
Your flesh is cold resistant. (rC+)
Your muscles are strong. (Str +4, Int/Dex -1)


   Skills:
 - Level 11.0(16.0) Fighting
 + Level 14.4(19.4) Axes
 - Level 4.1(9.1) Throwing
 - Level 10.2(15.2) Armour
 - Level 1.1(6.1) Dodging
 - Level 7.0(12.0) Shields
 - Level 10.0 Invocations


You had 12 spell levels left.
You didn't know any spells.
Your spell library was empty.

Inventory:

Hand Weapons
 Y - a +3 broad axe of protection (weapon)
Missiles
 k - 4 boomerangs
 v - 2 javelins (quivered)
Armour
 c - a +0 buckler (worn)
 j - a +0 plate armour (worn)
 l - a +2 cloak (worn)
 r - a +1 helmet (worn)
Jewellery
 e - a ring of willpower
 o - an amulet of regeneration (around neck)
 p - a ring of willpower (left hand)
Scrolls
 a - 4 scrolls of identify
 s - 3 scrolls of teleportation
 t - a scroll of acquirement {unknown}
Potions
 b - 3 potions of attraction
 d - 3 potions of might
 f - 9 potions of curing
 g - 4 potions of haste
 h - 6 potions of mutation
 i - 4 potions of heal wounds
 m - 6 potions of lignification
 n - 2 potions of cancellation
 q - a potion of magic

Dungeon Overview and Level Annotations

Branches:
Dungeon (9/15)             Temple (0/1) D:5            Lair (5/5) D:9
 Shoals (0/4) Lair:2        Snake (0/4) Lair:3        Slime (0/5) Lair:5
    Orc (0/2) D:9

Altars:
Ashenzari
Dithmenos
Kikubaaqudgha
Okawaru
Ru
Sif Muna
Wu Jian
Xom
The Shining One
Jiyva

Shops:
D:7 *

Portals:
Abyss: Lair:1

Annotations:
D:4 2 transporters, qw's ghost, amateur GrFi
Lair:1 2 transporters, qw's ghost, novice GrFi


Message History

Enter note:
Enter note:
Found a leather armour.
i - 4 potions of heal wounds (gained 1)
You open the door.
There is an open door here.
An oklob plant comes into view.
The oklob plant spits acid at you. The splash of acid hits you!
Enter note:
12967 ||| INVOKING Heroism.
You gain the combat prowess of a mighty hero.
12968 ||| INVOKING Finesse.
You can now deal lightning-fast blows.
The oklob plant spits acid at you.
The splash of acid hits you! 2 oklob plants come into view.
Found a viscous altar of Jiyva.
Found a staircase to the Slime Pits.
An oklob plant comes into view.
Found a stone staircase leading up.
The oklob plant spits acid at you. The splash of acid hits you!
The oklob plant spits acid at you. The splash of acid hits you.
The acid corrodes you!
Enter note:
Enter note:
Enter note:
Enter note:
Enter note:
Enter note:
Enter note:
Found a buckler.
The oklob plant spits acid at you. The splash of acid hits you!!
The acid corrodes you!
12972 ||| READING 4 scrolls of teleportation.
As you read the scroll of teleportation, it crumbles to dust.
You feel strangely unstable. The oklob plant spits acid at you.
The splash of acid hits you!
You die...

#....P.....# ... #......
#...###.P...#...........#.....
#...##.#..#.#...P....#.#......
#....#....##.....>P....##.....
#................PP... .......
#.#............[...... .......
###...................
#..........(.......[
#...........@...##
#...P..P#........#
#..###.###......##
##.P.....#.........<
###..+.................
#.#...#....##..........
##...##.....##......###
##..P##.)..#.....PP.#
#[.###...###.....PP#


You could see 4 oklob plants.

Vanquished Creatures
  Gastronok (Lair:2)
  A hydra (Lair:5)
  A boulder beetle (Lair:5)
  4 catoblepae
  A two-headed ogre (D:9)
  11 death yaks
  A deep troll (Lair:2)
  A lindwurm (Lair:2)
  2 manticores (Lair:5)
  An oklob plant (Lair:3)
  An elephant (Lair:3)
  A black mamba (Lair:5)
  7 cane toads
  4 komodo dragons
  A queen bee (Lair:2)
  2 polar bears
  Grinder (D:5)
  11 dream sheep
  Sigmund (D:6)
  A wraith (D:9)
  48 yaks
  A vampire (D:9)
  3 wyverns
  3 basilisks
  A steam dragon (D:8)
  A naga (Lair:3)
  3 wargs (D:9)
  11 water moccasins
  2 sky beasts (D:7)
  A black bear (D:6)
  An ice beast (D:8)
  An ogre (D:5)
  3 orc warriors
  10 wolves
  8 centaurs
  A phantom (D:7)
  2 kobold brigands (D:8)
  9 bullfrogs
  4 scorpions
  5 wights (D:4)
  2 necrophages (D:6)
  11 killer bees (Lair:2)
  2 electric eels
  4 jellies (Lair:3)
  A hound (D:5)
  8 orc priests
  A gnoll bouda (D:6)
  Natasha (thrice) (D:2)
  An iguana (D:6)
  6 orc wizards
  5 hell rats (Lair:5)
  8 gnolls
  2 adders
  3 white imps
  An ufetubus (D:6)
  A worm (D:3)
  A dart slug (D:4)
  30 orcs
  23 endoplasms
  3 giant cockroaches
  9 goblins
  8 hobgoblins
  3 quokkas
  5 ball pythons
  7 bats
  2 frilled lizards
  11 kobolds
  8 rats
341 creatures vanquished.

Vanquished Creatures (others)
  An orc wizard (D:8)
  23 fungi
  34 plants
58 creatures vanquished.

Grand Total: 399 creatures vanquished

Notes
Turn   | Place    | Note
-------+----------+-------------------------------------------
     0 | D:1      | qw the Gargoyle Fighter began the quest for the Orb.
     0 | D:1      | Reached XP level 1. HP: 14/14 MP: 1/1
     0 | D:1      | 0 ||| qw: Version: 0.2-a-10-g399e6c4
     0 | D:1      | 0 ||| qw: Game counter: 537
     0 | D:1      | 0 ||| qw: Always use a shield: true
     0 | D:1      | 0 ||| qw: God list: Okawaru
     0 | D:1      | 0 ||| qw: Allow faded altars: false
     0 | D:1      | 0 ||| qw: Do Orc after D:15 true
     0 | D:1      | 0 ||| qw: Do second Lair branch before Depths: true
     0 | D:1      | 0 ||| qw: Lair rune preference: random
     0 | D:1      | 0 ||| qw: Plans: Normal, Zot:1-4, God:TSO, Crypt, Tomb,
                  | Pan, Slime:5, Hells, Abyss, Orb
     0 | D:1      | 0 ||| PLANNING D:1-11
    21 | D:1      | Reached skill level 2 in Axes
    30 | D:1      | 30 ||| Stepping ~*~*~tactically~*~*~ (stealth).
    41 | D:1      | 41 ||| Stepping ~*~*~tactically~*~*~ (stealth).
    73 | D:1      | Reached XP level 2. HP: 16/19 MP: 2/2
   439 | D:1      | Found a faded altar of an unknown god.
   624 | D:1      | Reached skill level 3 in Axes
   673 | D:1      | 673 ||| READING 2 scrolls labelled PAIPRI RYJUNK.
   674 | D:1      | 674 ||| READING scroll labelled GUSUYTW ZOGAIGITA.
   746 | D:2      | 746 ||| Stepping ~*~*~tactically~*~*~ (stealth).
   752 | D:2      | Reached XP level 3. HP: 23/23 MP: 3/3
   780 | D:2      | 780 ||| FLEEEEING.
   839 | D:2      | 839 ||| Stepping ~*~*~tactically~*~*~ (stealth).
   963 | D:2      | Found a shimmering blue altar of Sif Muna.
   965 | D:2      | Noticed Natasha
   972 | D:2      | Killed Natasha
   973 | D:2      | Reached XP level 4. HP: 25/28 MP: 4/4
  1034 | D:2      | Noticed Natasha
  1040 | D:2      | Killed Natasha
  1041 | D:2      | Reached skill level 4 in Axes
  1211 | D:2      | Noticed Natasha
  1227 | D:2      | HP: 6/28 [Natasha (3)]
  1229 | D:2      | Killed Natasha
  1230 | D:2      | Reached XP level 5. HP: 7/32 MP: 5/5
  1941 | D:2      | 1941 ||| DROPPING scarf of harm.
  1942 | D:2      | 1942 ||| READING scroll labelled QAIWYXOOGG.
  1943 | D:2      | 1943 ||| READING scroll labelled OXAKKUVOJUWK.
  1944 | D:2      | 1944 ||| DRINKING 2 fizzy pink potions.
  1945 | D:2      | 1945 ||| DRINKING 2 lumpy white potions.
  1945 | D:2      | Gained mutation: Your muscles are strong. (Str +4, Int/Dex
                  | -1) [potion of mutation]
  1945 | D:2      | Gained mutation: You are clumsy. (Dex -2) [potion of
                  | mutation]
  1945 | D:2      | Gained mutation: Your flesh is cold resistant. (rC+)
                  | [potion of mutation]
  1946 | D:2      | 1946 ||| READING 2 scrolls of identify.
  1946 | D:2      | 1946 ||| IDENTIFYING puce potion
  2275 | D:3      | 2275 ||| Stepping ~*~*~tactically~*~*~ (stealth).
  2276 | D:3      | 2276 ||| Stepping ~*~*~tactically~*~*~ (stealth).
  2459 | D:3      | 2459 ||| Stepping ~*~*~tactically~*~*~ (stealth).
  2700 | D:3      | 2700 ||| UPGRADING to +1 cloak.
  2705 | D:3      | 2705 ||| READING scroll labelled FEGRAU ZYJAXENO.
  2706 | D:3      | 2706 ||| READING scroll labelled IMNEMUERGHAYSU.
  2707 | D:3      | 2707 ||| READING 2 scrolls of identify.
  2707 | D:3      | 2707 ||| IDENTIFYING fuming emerald potion
  2708 | D:3      | 2708 ||| DROPPING potion of ambrosia.
  2790 | D:4      | 2790 ||| Stepping ~*~*~tactically~*~*~ (stealth).
  2793 | D:4      | 2793 ||| Stepping ~*~*~tactically~*~*~ (hiding).
  2794 | D:4      | 2794 ||| Stepping ~*~*~tactically~*~*~ (hiding).
  2795 | D:4      | 2795 ||| Stepping ~*~*~tactically~*~*~ (hiding).
  2796 | D:4      | 2796 ||| Stepping ~*~*~tactically~*~*~ (hiding).
  2803 | D:4      | Reached skill level 5 in Axes
  2805 | D:4      | HP: 7/32 [gnoll/+0 spear (4)]
  2806 | D:4      | 2806 ||| DRINKING potion of heal wounds.
  2863 | D:4      | 2863 ||| Stepping ~*~*~tactically~*~*~ (stealth).
  2872 | D:4      | Reached XP level 6. HP: 39/39 MP: 6/6
  2893 | D:4      | 2893 ||| Stepping ~*~*~tactically~*~*~ (hiding).
  2895 | D:4      | 2895 ||| Stepping ~*~*~tactically~*~*~ (hiding).
  2896 | D:4      | 2896 ||| Stepping ~*~*~tactically~*~*~ (hiding).
  3090 | D:4      | Found a transporter.
  3091 | D:4      | Found a transporter.
  3093 | D:4      | Noticed qw's ghost (amateur GrFi)
  3177 | D:4      | Reached skill level 6 in Axes
  3177 | D:4      | Reached XP level 7. HP: 31/44 MP: 7/7
  3341 | D:4      | Found an iron altar of Okawaru.
  3342 | D:4      | 3342 ||| PLANNING OKAWARU WORSHIP
  3342 | D:4      | 3342 ||| UPGRADING to +0 chain mail.
  3352 | D:4      | 3352 ||| DROPPING +0 scale mail.
  3353 | D:4      | 3353 ||| READING 2 scrolls of identify.
  3353 | D:4      | 3353 ||| IDENTIFYING silvery potion
  3354 | D:4      | 3354 ||| DROPPING potion of degeneration.
  3358 | D:4      | Became a worshipper of Warmaster Okawaru
  3359 | D:4      | 3359 ||| PLANNING D:1-11
  3384 | D:4      | 3384 ||| Stepping ~*~*~tactically~*~*~ (hiding).
  3556 | D:5      | Entered Level 5 of the Dungeon
  3571 | D:5      | Reached skill level 7 in Axes
  3635 | D:5      | Noticed Grinder
  3635 | D:5      | Paralysed by Grinder for 2 turns
  3656 | D:5      | Paralysed by Grinder for 2 turns
  3662 | D:5      | Killed Grinder
  3662 | D:5      | Reached * piety under Okawaru
  3663 | D:5      | Reached XP level 8. HP: 30/50 MP: 8/8
  3797 | D:5      | 3797 ||| READING scroll of enchant weapon.
  3797 | D:5      | 3797 ||| ENCHANTING +1 war axe.
  3864 | D:5      | Reached skill level 1 in Invocations
  4004 | D:5      | 4004 ||| DROPPING +0 whip of venom.
  4170 | D:5      | Found a staircase to the Ecumenical Temple.
  4339 | D:5      | 4339 ||| READING scroll labelled GIODWASSUA.
  4340 | D:5      | 4340 ||| READING scroll labelled JAUKASOSMI.
  4341 | D:5      | 4341 ||| READING scroll labelled DIYLLO LIBLIRR.
  4345 | D:5      | 4345 ||| READING scroll labelled USHRAN TINODEDE.
  4346 | D:5      | 4346 ||| DRINKING 4 metallic orange potions.
  4379 | D:5      | 4379 ||| READING 3 scrolls of identify.
  4379 | D:5      | 4379 ||| IDENTIFYING emerald potion
  4586 | D:6      | Noticed Sigmund
  4587 | D:6      | 4587 ||| INVOKING Heroism.
  4593 | D:6      | Killed Sigmund
  4595 | D:6      | Reached skill level 3 in Invocations
  4659 | D:6      | 4659 ||| INVOKING Heroism.
  4685 | D:6      | 4685 ||| Stepping ~*~*~tactically~*~*~ (stealth).
  4703 | D:6      | Reached skill level 8 in Axes
  4797 | D:6      | Reached ** piety under Okawaru
  5089 | D:6      | 5089 ||| INVOKING Heroism.
  5296 | D:6      | 5296 ||| UPGRADING to +0 plate armour.
  5306 | D:6      | 5306 ||| DROPPING +0 chain mail.
  5307 | D:6      | 5307 ||| READING scroll labelled YJA ARANTOFRI.
  5308 | D:6      | 5308 ||| READING 3 scrolls of identify.
  5308 | D:6      | 5308 ||| IDENTIFYING inky potion
  5367 | D:7      | Reached XP level 9. HP: 48/55 MP: 12/12
  5454 | D:7      | 5454 ||| READING scroll of enchant armour.
  5454 | D:7      | 5454 ||| ENCHANTING +1 cloak.
  5566 | D:7      | Reached skill level 6 in Fighting
  5722 | D:7      | Found Tuppoff's Lightly-Used Armoury.
  5726 | D:7      | 5726 ||| SHOPLISTING -1 gold dragon scales (900 gold, have
                  | 452).
  5741 | D:7      | 5741 ||| INVOKING Heroism.
  5962 | D:7      | Found an ornate altar of the Wu Jian Council.
  5963 | D:7      | 5963 ||| Stepping ~*~*~tactically~*~*~ (hiding).
  5964 | D:7      | 5964 ||| Stepping ~*~*~tactically~*~*~ (hiding).
  5970 | D:7      | 5970 ||| INVOKING Heroism.
  5988 | D:7      | Found a broken altar of Ashenzari.
  5988 | D:7      | Found a glowing golden altar of the Shining One.
  5988 | D:7      | Found a shimmering altar of Xom.
  5994 | D:7      | Found an ancient bone altar of Kikubaaqudgha.
  6000 | D:7      | Found a sacrificial altar of Ru.
  6490 | D:7      | 6490 ||| UPGRADING to amulet of regeneration.
  6495 | D:7      | 6495 ||| READING 3 scrolls of identify.
  6495 | D:7      | 6495 ||| IDENTIFYING metallic black potion
  6496 | D:7      | 6496 ||| DROPPING potion of flight.
  6507 | D:8      | 6507 ||| INVOKING Heroism.
  6509 | D:8      | 6509 ||| Stepping ~*~*~tactically~*~*~ (cloud).
  6510 | D:8      | 6510 ||| Stepping ~*~*~tactically~*~*~ (cloud).
  6521 | D:8      | Reached *** piety under Okawaru
  6522 | D:8      | Reached skill level 9 in Axes
  6534 | D:8      | 6534 ||| Stepping ~*~*~tactically~*~*~ (stealth).
  6535 | D:8      | 6535 ||| Stepping ~*~*~tactically~*~*~ (stealth).
  6537 | D:8      | 6537 ||| Stepping ~*~*~tactically~*~*~ (hiding).
  6538 | D:8      | 6538 ||| INVOKING Heroism.
  6539 | D:8      | 6539 ||| Stepping ~*~*~tactically~*~*~ (hiding).
  6550 | D:8      | Reached skill level 1 in Dodging
  6725 | D:8      | Found a shadowy altar of Dithmenos.
  6743 | D:8      | Identified the +11 spear of the Swamp {pain, rPois Str+3}
  6916 | D:8      | 6916 ||| Stepping ~*~*~tactically~*~*~ (stealth).
  6920 | D:8      | 6920 ||| INVOKING Heroism.
  7133 | D:8      | 7133 ||| UPGRADING to ring of willpower.
  7134 | D:8      | 7134 ||| READING 2 scrolls of identify.
  7134 | D:8      | 7134 ||| IDENTIFYING sapphire potion
  7135 | D:8      | 7135 ||| DROPPING potion of brilliance.
  7151 | D:9      | 7151 ||| Stepping ~*~*~tactically~*~*~ (stealth).
  7153 | D:9      | 7153 ||| INVOKING Heroism.
  7156 | D:9      | 7156 ||| Stepping ~*~*~tactically~*~*~ (stealth).
  7157 | D:9      | Found a staircase to the Lair.
  7170 | D:9      | Reached XP level 10. HP: 39/63 MP: 13/13
  7171 | D:9      | 7171 ||| INVOKING Heroism.
  7193 | D:9      | 7193 ||| INVOKING Heroism.
  7227 | D:9      | Noticed a two-headed ogre
  7228 | D:9      | 7228 ||| INVOKING Heroism.
  7236 | D:9      | Killed a two-headed ogre
  7236 | D:9      | Reached **** piety under Okawaru
  7237 | D:9      | Reached skill level 10 in Axes
  7299 | D:9      | 7299 ||| Stepping ~*~*~tactically~*~*~ (stealth).
  7300 | D:9      | 7300 ||| Stepping ~*~*~tactically~*~*~ (stealth).
  7301 | D:9      | 7301 ||| Stepping ~*~*~tactically~*~*~ (stealth).
  7304 | D:9      | 7304 ||| Stepping ~*~*~tactically~*~*~ (stealth).
  7350 | D:9      | 7350 ||| Stepping ~*~*~tactically~*~*~ (hiding).
  7363 | D:9      | 7363 ||| Stepping ~*~*~tactically~*~*~ (stealth).
  7366 | D:9      | 7366 ||| Stepping ~*~*~tactically~*~*~ (stealth).
  7369 | D:9      | 7369 ||| Stepping ~*~*~tactically~*~*~ (hiding).
  7382 | D:9      | 7382 ||| Stepping ~*~*~tactically~*~*~ (hiding).
  7394 | D:9      | Reached skill level 6 in Armour
  7415 | D:9      | 7415 ||| Stepping ~*~*~tactically~*~*~ (stealth).
  7419 | D:9      | 7419 ||| Stepping ~*~*~tactically~*~*~ (stealth).
  7422 | D:9      | 7422 ||| Stepping ~*~*~tactically~*~*~ (stealth).
  7422 | D:9      | Found a staircase to the Orcish Mines.
  7431 | D:9      | 7431 ||| SWAPPING to +1 war axe of freezing.
  7432 | D:9      | 7432 ||| DROPPING +2 war axe.
  7434 | D:9      | 7434 ||| INVOKING Heroism.
  7449 | D:9      | Received a gift from Okawaru
  7475 | D:9      | Reached skill level 6 in Invocations
  7479 | D:9      | 7479 ||| INVOKING Heroism.
  7590 | D:9      | Reached ***** piety under Okawaru
  7823 | D:9      | 7823 ||| PLANNING LAIR
  7823 | D:9      | 7823 ||| READING scroll labelled CEHI OBLAUXAPP.
  7879 | Lair:1   | Entered Level 1 of the Lair of Beasts
  7879 | Lair:1   | Noticed a cane toad
  7880 | Lair:1   | 7880 ||| INVOKING Heroism.
  7886 | Lair:1   | Killed a cane toad
  8038 | Lair:1   | Found a transporter.
  8052 | Lair:1   | Found a one-way gate to the infinite horrors of the Abyss.
  8052 | Lair:1   | Noticed qw's ghost (novice GrFi)
  8059 | Lair:1   | Found a transporter.
  8060 | Lair:1   | Noticed a purple ugly thing
  8060 | Lair:1   | Noticed a brown ugly thing
  8161 | Lair:1   | Noticed a sixfirhy
  8174 | Lair:1   | Noticed an apocalypse crab
  8271 | Lair:1   | Reached XP level 11. HP: 68/68 MP: 16/16
  8275 | Lair:1   | 8275 ||| Stepping ~*~*~tactically~*~*~ (hiding).
  8497 | Lair:1   | 8497 ||| INVOKING Heroism.
  8577 | Lair:1   | 8577 ||| DROPPING orb of mayhem.
  8611 | Lair:2   | 8611 ||| INVOKING Heroism.
  8650 | Lair:2   | Found a frozen archway.
  8657 | Lair:2   | Identified the +5 hand axe of the Priest {vamp, Will+
                  | Str+4}
  8659 | Lair:2   | 8659 ||| SWAPPING to +5 hand axe of the Priest {vamp, Will+
                  | Str+4}.
  8664 | Lair:2   | 8664 ||| Stepping ~*~*~tactically~*~*~ (stealth).
  8665 | Lair:2   | 8665 ||| Stepping ~*~*~tactically~*~*~ (stealth).
  8666 | Lair:2   | 8666 ||| INVOKING Heroism.
  8671 | Lair:2   | Noticed Gastronok
  8672 | Lair:2   | Reached skill level 11 in Axes
  8673 | Lair:2   | Received a gift from Okawaru
  8705 | Lair:2   | Killed Gastronok
  8715 | Lair:2   | Reached skill level 9 in Invocations
  8735 | Lair:2   | 8735 ||| INVOKING Heroism.
  8743 | Lair:2   | Reached skill level 9 in Fighting
  8781 | Lair:2   | 8781 ||| INVOKING Heroism.
  8827 | Lair:2   | 8827 ||| INVOKING Heroism.
  8871 | Lair:2   | 8871 ||| INVOKING Heroism.
  8923 | Lair:2   | 8923 ||| INVOKING Heroism.
  8953 | Lair:2   | 8953 ||| INVOKING Heroism.
  8970 | Lair:2   | 8970 ||| INVOKING Heroism.
  8996 | Lair:2   | 8996 ||| INVOKING Heroism.
  9007 | Lair:2   | Noticed a lindwurm
  9009 | Lair:2   | 9009 ||| FLEEEEING.
  9010 | Lair:2   | HP: 9/71 [lindwurm/blast of flame (24)]
  9011 | Lair:2   | 9011 ||| READING 2 scrolls of teleportation.
  9011 | Lair:2   | HP: 1/71 [lindwurm/blast of flame (9)]
  9012 | Lair:2   | 9012 ||| DRINKING 4 potions of heal wounds.
  9060 | Lair:2   | 9060 ||| INVOKING Heroism.
  9132 | Lair:2   | Noticed a deep troll
  9133 | Lair:2   | 9133 ||| INVOKING Heroism.
  9144 | Lair:2   | Killed a deep troll
  9213 | Lair:2   | 9213 ||| INVOKING Heroism.
  9218 | Lair:2   | Received a gift from Okawaru
  9230 | Lair:2   | 9230 ||| SWAPPING to +2 broad axe of flaming.
  9231 | Lair:2   | 9231 ||| DROPPING +2 vorpal flail.
  9232 | Lair:2   | 9232 ||| DROPPING +5 hand axe of the Priest {vamp, Will+
                  | Str+4}.
  9233 | Lair:2   | 9233 ||| DROPPING +1 war axe of freezing.
  9236 | Lair:2   | Found a staircase to the Shoals.
  9279 | Lair:2   | 9279 ||| Stepping ~*~*~tactically~*~*~ (hiding).
  9481 | Lair:2   | 9481 ||| Stepping ~*~*~tactically~*~*~ (hiding).
  9482 | Lair:2   | 9482 ||| Stepping ~*~*~tactically~*~*~ (hiding).
  9483 | Lair:2   | 9483 ||| Stepping ~*~*~tactically~*~*~ (hiding).
  9533 | Lair:2   | 9533 ||| Stepping ~*~*~tactically~*~*~ (stealth).
  9535 | Lair:2   | 9535 ||| Stepping ~*~*~tactically~*~*~ (hiding).
  9539 | Lair:2   | 9539 ||| INVOKING Heroism.
  9542 | Lair:2   | Killed a lindwurm
  9543 | Lair:2   | Reached XP level 12. HP: 76/76 MP: 16/19
  9560 | Lair:2   | 9560 ||| Stepping ~*~*~tactically~*~*~ (hiding).
  9561 | Lair:2   | 9561 ||| Stepping ~*~*~tactically~*~*~ (hiding).
  9671 | Lair:2   | 9671 ||| Stepping ~*~*~tactically~*~*~ (stealth).
  9672 | Lair:2   | 9672 ||| Stepping ~*~*~tactically~*~*~ (stealth).
  9673 | Lair:2   | 9673 ||| Stepping ~*~*~tactically~*~*~ (stealth).
  9675 | Lair:2   | 9675 ||| Stepping ~*~*~tactically~*~*~ (hiding).
  9676 | Lair:2   | 9676 ||| Stepping ~*~*~tactically~*~*~ (hiding).
  9678 | Lair:2   | 9678 ||| Stepping ~*~*~tactically~*~*~ (hiding).
  9686 | Lair:2   | Reached skill level 12 in Axes
  9849 | Lair:2   | Found a shimmering blue altar of Sif Muna.
 10047 | Lair:2   | 10047 ||| INVOKING Heroism.
 10049 | Lair:2   | 10049 ||| Stepping ~*~*~tactically~*~*~ (water).
 10103 | Lair:2   | 10103 ||| UPGRADING to +2 hat.
 10108 | Lair:2   | 10108 ||| READING scroll labelled VOFEOFO LOPNO.
 10131 | Lair:3   | 10131 ||| INVOKING Heroism.
 10133 | Lair:3   | 10133 ||| STAIRDANCE
 10152 | Lair:3   | Reached skill level 6 in Shields
 10229 | Lair:3   | 10229 ||| INVOKING Heroism.
 10264 | Lair:3   | Identified the -2 cloak "Tahoyb" {rElec rPois} (Okawaru
                  | gifted it to you on level 3 of the Lair of Beasts)
 10264 | Lair:3   | Received a gift from Okawaru
 10301 | Lair:3   | 10301 ||| Stepping ~*~*~tactically~*~*~ (stealth).
 10303 | Lair:3   | 10303 ||| Stepping ~*~*~tactically~*~*~ (stealth).
 10305 | Lair:3   | 10305 ||| INVOKING Heroism.
 10479 | Lair:3   | 10479 ||| INVOKING Heroism.
 10480 | Lair:3   | 10480 ||| INVOKING Finesse.
 10609 | Lair:3   | 10609 ||| INVOKING Heroism.
 10641 | Lair:3   | Noticed a catoblepas
 10642 | Lair:3   | 10642 ||| INVOKING Finesse.
 10651 | Lair:3   | Killed a catoblepas
 10698 | Lair:3   | Found a staircase to the Snake Pit.
 10702 | Lair:3   | 10702 ||| Stepping ~*~*~tactically~*~*~ (hiding).
 10709 | Lair:3   | 10709 ||| INVOKING Heroism.
 11042 | Lair:3   | 11042 ||| DROPPING -2 cloak "Tahoyb" {rElec rPois}.
 11043 | Lair:3   | 11043 ||| UPGRADING to +1 helmet.
 11053 | Lair:3   | 11053 ||| DROPPING +2 hat.
 11054 | Lair:3   | 11054 ||| READING 3 scrolls of identify.
 11054 | Lair:3   | 11054 ||| IDENTIFYING pink potion
 11098 | Lair:4   | Noticed a death yak
 11099 | Lair:4   | 11099 ||| INVOKING Heroism.
 11100 | Lair:4   | 11100 ||| INVOKING Finesse.
 11109 | Lair:4   | Killed a death yak
 11115 | Lair:4   | Noticed a death yak
 11121 | Lair:4   | Noticed a death yak
 11124 | Lair:4   | Killed a death yak
 11127 | Lair:4   | Noticed a death yak
 11127 | Lair:4   | Noticed a death yak
 11134 | Lair:4   | Killed a death yak
 11135 | Lair:4   | Reached skill level 13 in Axes
 11149 | Lair:4   | Killed a death yak
 11149 | Lair:4   | Killed a death yak
 11150 | Lair:4   | Reached skill level 9 in Armour
 11178 | Lair:4   | 11178 ||| READING scroll of enchant weapon.
 11178 | Lair:4   | 11178 ||| ENCHANTING +2 broad axe of flaming.
 11223 | Lair:4   | 11223 ||| Stepping ~*~*~tactically~*~*~ (stealth).
 11225 | Lair:4   | 11225 ||| Stepping ~*~*~tactically~*~*~ (stealth).
 11326 | Lair:4   | 11326 ||| INVOKING Heroism.
 11365 | Lair:4   | 11365 ||| INVOKING Heroism.
 11373 | Lair:4   | Reached skill level 3 in Throwing
 11515 | Lair:4   | Reached XP level 13. HP: 76/82 MP: 20/20
 11864 | Lair:4   | 11864 ||| DROPPING orb of wrath.
 11865 | Lair:4   | 11865 ||| READING scroll labelled DUNTOEF QAWUA.
 11866 | Lair:4   | 11866 ||| READING 2 scrolls labelled XONKIHE CIUPS.
 11867 | Lair:4   | 11867 ||| DROPPING scroll of magic mapping.
 11895 | Lair:5   | Entered Level 5 of the Lair of Beasts
 11910 | Lair:5   | 11910 ||| FLEEEEING.
 11914 | Lair:5   | 11914 ||| STAIRDANCE
 11938 | Lair:5   | 11938 ||| INVOKING Heroism.
 11987 | Lair:5   | 11987 ||| INVOKING Heroism.
 12064 | Lair:5   | 12064 ||| Stepping ~*~*~tactically~*~*~ (stealth).
 12065 | Lair:5   | 12065 ||| Stepping ~*~*~tactically~*~*~ (stealth).
 12066 | Lair:5   | 12066 ||| Stepping ~*~*~tactically~*~*~ (stealth).
 12067 | Lair:5   | 12067 ||| Stepping ~*~*~tactically~*~*~ (stealth).
 12211 | Lair:5   | 12211 ||| INVOKING Heroism.
 12212 | Lair:5   | 12212 ||| INVOKING Finesse.
 12220 | Lair:5   | Reached skill level 14 in Axes
 12266 | Lair:5   | 12266 ||| INVOKING Heroism.
 12298 | Lair:5   | 12298 ||| INVOKING Finesse.
 12334 | Lair:5   | 12334 ||| Stepping ~*~*~tactically~*~*~ (stealth).
 12336 | Lair:5   | 12336 ||| Stepping ~*~*~tactically~*~*~ (stealth).
 12339 | Lair:5   | 12339 ||| Stepping ~*~*~tactically~*~*~ (stealth).
 12341 | Lair:5   | 12341 ||| Stepping ~*~*~tactically~*~*~ (stealth).
 12383 | Lair:5   | 12383 ||| Stepping ~*~*~tactically~*~*~ (stealth).
 12384 | Lair:5   | 12384 ||| Stepping ~*~*~tactically~*~*~ (stealth).
 12386 | Lair:5   | 12386 ||| INVOKING Heroism.
 12387 | Lair:5   | 12387 ||| INVOKING Finesse.
 12450 | Lair:5   | 12450 ||| INVOKING Heroism.
 12487 | Lair:5   | 12487 ||| INVOKING Heroism.
 12488 | Lair:5   | 12488 ||| INVOKING Finesse.
 12545 | Lair:5   | 12545 ||| INVOKING Heroism.
 12546 | Lair:5   | 12546 ||| INVOKING Finesse.
 12560 | Lair:5   | Received a gift from Okawaru
 12643 | Lair:5   | 12643 ||| INVOKING Heroism.
 12644 | Lair:5   | 12644 ||| INVOKING Finesse.
 12741 | Lair:5   | 12741 ||| Stepping ~*~*~tactically~*~*~ (stealth).
 12754 | Lair:5   | 12754 ||| Stepping ~*~*~tactically~*~*~ (stealth).
 12755 | Lair:5   | 12755 ||| Stepping ~*~*~tactically~*~*~ (stealth).
 12759 | Lair:5   | 12759 ||| Stepping ~*~*~tactically~*~*~ (stealth).
 12768 | Lair:5   | 12768 ||| Stepping ~*~*~tactically~*~*~ (stealth).
 12771 | Lair:5   | 12771 ||| INVOKING Heroism.
 12776 | Lair:5   | 12776 ||| Stepping ~*~*~tactically~*~*~ (stealth).
 12791 | Lair:5   | 12791 ||| INVOKING Finesse.
 12967 | Lair:5   | 12967 ||| INVOKING Heroism.
 12968 | Lair:5   | 12968 ||| INVOKING Finesse.
 12969 | Lair:5   | Found a viscous altar of Jiyva.
 12969 | Lair:5   | Found a staircase to the Slime Pits.
 12971 | Lair:5   | HP: 8/84 [oklob plant/splash of acid (34)]
 12972 | Lair:5   | 12972 ||| READING 4 scrolls of teleportation.
 12972 | Lair:5   | Killed from afar by an oklob plant

Levels and vault maps discovered:
D:1:      dpeg_arrival_ratfight, layout_rooms,
          dreamdust_ecumenical_altar_statues, serial_curves, eino_curves_01,
          eino_curves_02, eino_curves_03
D:2:      layout_loops_ring, basic_altar, dk_noncrumbling_3,
          minmay_pentomino_s2, uniq_natasha
D:3:      layout_loops_ring
D:4:      layout_cave_pools, okawaru_metal_pillars_3, gammafunk_ghost_smash,
          nrook_campfire, nicolae_elevator_lobby_asterisk
D:5:      layout_cave_pools, minmay_temple_entry_fiery, grunt_decor_arrowhead,
          uniq_grinder
D:6:      layout_basic, uniq_sigmund
D:7:      layout_loops_corners, minmay_overflow_temple_hex,
          hellmonk_bongcloud_opening, minmay_shop_damaged
D:8:      layout_basic, grunt_dithmenos_smoke, serial_rivers,
          chequers_serial_rivers_micro_a, chequers_serial_rivers_large_a,
          chequers_serial_rivers_marsh, chequers_serial_rivers_micro_e,
          chequers_serial_rivers_micro_a
D:9:      layout_cave_pools, erik_lair_orcish_takeover, erik_orc_4
Lair:1:   layout_roguey, gammafunk_ghost_abyssal_escape, serial_bayou_shore_b
Lair:2:   dreamdust_cave_troll, layout_hall_layers,
          minmay_shoals_entry_centaurs, special_room [special_room_bee],
          portal_ice_cave_entry_pillars_1, cheibrodos_lair_caveside_slide,
          lemuel_centaur_altar, lemuel_fruit_tree, uniq_gastronok
Lair:3:   lemuel_slime, layout_regular_city, guppyfry_snake_entry_garden,
          st_stairs_8
Lair:4:   layout_hall_layers, serial_bayou_shore_a, lemuel_fruit_fields
Lair:5:   evilmike_catoblepas_cave, layout_regular_city,
          minmay_slime_entry_oklob_open, infiniplex_staircase_pool

Skill      XL: |  1  2  3  4  5  6  7  8  9 10 11 12 13 |
---------------+----------------------------------------+-----
Axes           | 2 3 4 5 6 7 8 9 10 11 13 14 | 14.4
Fighting       | 4 5 7 8 9 10 11 | 11.0
Throwing       | 2 3 4 |  4.1
Invocations    | 4 7 10 | 10.0
Armour         | 4 5 6 7 9 10 | 10.2
Dodging        | 1 |  1.1
Shields        | 4 5 6 7 |  7.0

Action                   |  1- 3 |  4- 6 |  7- 9 | 10-12 | 13-15 || total
-------------------------+-------+-------+-------+-------+-------++-------
Melee: War axe           |    95 |   124 |   210 |   142 |       ||   571
       Hand axe          |       |       |       |   115 |       ||   115
       Broad axe         |       |       |       |   173 |   193 ||   366
Throw: Boomerang         |       |     3 |    55 |    97 |    44 ||   199
       Javelin           |       |       |       |     3 |     3 ||     6
Invok: Heroism           |       |       |     9 |    31 |    11 ||    51
       Finesse           |       |       |       |     3 |     8 ||    11
  Use: Scroll            |     2 |     6 |    12 |     5 |     3 ||    28
       Potion            |       |     3 |     1 |     1 |       ||     5
Armor: Scale mail        |    56 |    71 |     2 |       |       ||   129
       Chain mail        |       |       |    32 |       |       ||    32
       Plate armour      |       |       |    92 |   373 |    65 ||   530
Dodge: Dodged            |    45 |    67 |    50 |   180 |    21 ||   363
Block: Buckler           |    11 |    23 |    34 |   146 |    26 ||   240

Table legend:
 A = Non-vault XP
 B = Vault XP
 C = Vault XP percentage of total XP
 D = Non-vault monster count
 E = Vault monster count
 F = Vault count percentage of total count
                 A         B        C        D         E       F
            +---------+---------+-------+---------+---------+-------
      Total |   31994 |   17956 |  35.9 |     239 |     102 |  29.9
            +---------+---------+-------+---------+---------+-------
        D:1 |      25 |       5 |  16.7 |      17 |       5 |  22.7
        D:2 |     114 |      36 |  24.0 |      21 |       1 |   4.5
        D:3 |      35 |       0 |   0.0 |      12 |       0 |   0.0
        D:4 |     577 |       0 |   0.0 |      20 |       0 |   0.0
        D:5 |     486 |     277 |  36.3 |       7 |       1 |  12.5
        D:6 |     513 |     231 |  31.0 |      12 |       1 |   7.7
        D:7 |    1095 |       0 |   0.0 |      23 |       0 |   0.0
        D:8 |     877 |       0 |   0.0 |      16 |       0 |   0.0
        D:9 |    3043 |    1130 |  27.1 |      12 |      25 |  67.6
     Lair:1 |    1601 |       0 |   0.0 |       9 |       0 |   0.0
     Lair:2 |    5974 |    3870 |  39.3 |      30 |      20 |  40.0
     Lair:3 |    4674 |    1494 |  24.2 |      20 |      26 |  56.5
     Lair:4 |    6061 |       0 |   0.0 |      14 |       0 |   0.0
     Lair:5 |    6919 |   10913 |  61.2 |      26 |      23 |  46.9
            +---------+---------+-------+---------+---------+-------
